 Dungeon Crawl Stone Soup version 0.31-a0-626-g8143ab4f1d (webtiles) character file.

Game seed: 10405853606486368326

93 rddays123 the Trooper (level 4, -1/41 HPs)
             Began as a Hill Orc Fighter on Aug 24, 2023.
             Succumbed to a gnoll's poison
             ... on level 3 of the Dungeon.
             The game lasted 00:02:20 (1741 turns).

rddays123 the Trooper (Hill Orc Fighter)            Turns: 1741, Time: 00:02:20

Health: -1/41      AC: 13    Str: 20    XL:     4   Next: 61%
Magic:  4/4        EV:  4    Int:  8    God:
Gold:   126        SH:  8    Dex: 10    Spells: 3/3 levels left

rFire   + . .        a - +0 war axe
rCold   . . .        s - +0 kite shield
rNeg    . . .        f - +0 plate armour
rPois   .            (no helmet)
rElec   .            (no cloak)
rCorr   +            k - +0 pair of gloves
SInv    .            (no boots)
Will    .....        (no amulet) Stlth
                     h - ring of resist corrosion
HPRegen 0.26/turn    o - ring of protection from fire
MPRegen 0.09/turn

%: no passive effects
@: lethally poisoned (-1 -> -11)
A: no striking features
a: no special abilities


You were on level 3 of the Dungeon.
You visited 1 branch of the dungeon, and saw 3 of its levels.

You collected 126 gold pieces.

Inventory:

Hand Weapons
 a - a +0 war axe (weapon)
Armour
 f - a +0 plate armour (worn)
 k - a +0 pair of gloves (worn)
 s - a +0 kite shield (worn)
Jewellery
 h - a ring of resist corrosion (left hand)
 o - a ring of protection from fire (right hand)
 p - a ring of positive energy
Scrolls
 e - a scroll of enchant weapon {unknown}
 i - a scroll of identify {unknown}
 j - a scroll of poison {unknown}
 l - a scroll of noise {unknown}
 n - a scroll of immolation
 q - a scroll of revelation {unknown}
Potions
 d - a potion of might
 g - a potion of lignification {unknown}
 m - a potion of mutation {unknown}
 r - a potion of enlightenment {unknown}


   Skills:
 + Level 4.4 Fighting
 + Level 3.8 Axes
 + Level 4.0 Armour
 + Level 4.0 Shields


You had 3 spell levels left.
You didn't know any spells.
Your spell library was empty.

Dungeon Overview and Level Annotations

Branches:
Dungeon (3/15)

Altars:
Dithmenos


Message History

The gnoll is lightly wounded.
The gnoll hits you but does no damage.
You are poisoned.
The gnoll hits you but does no damage. You block the gnoll's attack.
The gnoll hits you but does no damage.
You are more poisoned.
The gnoll hits you from afar with a +0 spear.
You barely miss the gnoll.
The gnoll is lightly wounded.
You feel very sick. The gnoll hits you but does no damage.
The gnoll barely misses you. You block the gnoll's attack.
You hit the gnoll but do no damage.
The gnoll is lightly wounded.
You feel very sick. The gnoll barely misses you.
The gnoll hits you with a +0 flail. You block the gnoll's attack. x3
The gnoll hits you from afar with a +0 spear.
You closely miss the gnoll.
The gnoll is lightly wounded.
You feel sick.
The gnoll hits you but does no damage. x2
You are more poisoned.
The gnoll hits you but does no damage.
Unknown command.
You feel very sick.
You feel very sick.
You feel sick.
You feel sick. The gnoll attacks as it pursues you!
The gnoll hits you but does no damage. The gnoll attacks as it pursues you!
The gnoll hits you but does no damage.
You are lethally poisoned!
* * * LOW HITPOINT WARNING * * *
You feel very sick. The gnoll attacks as it pursues you!
The gnoll hits you from afar with a +1 spear of venom.
* * * LOW HITPOINT WARNING * * *
* * * LOW HITPOINT WARNING * * *
You feel very sick. The gnoll attacks as it pursues you!
You block the gnoll's attack.
You die...

#...... # # #.......+ .#.
........# #.# ##
........#####.# .# ..
......#..##.####.# #.
....#........#.# #
##'##...#.##.#.# #.# #
#...g...#.#..#.# #.#
#..###.g..g.@#.#..#.# #.#
#..[.........#..#.#.#
#.#.....##.###.#........#
#.#.#.. ...#........#.###
#.#..!#.####.#.###..#.#
#.#####.# #...# #..#.#
........# ##### #..#.#
..####### #..#.# ..#
#..#.#


You could see 3 gnolls.

Vanquished Creatures
  Terence (D:3)
  A gnoll (D:1)
  2 adders (D:2)
  2 dart slugs (D:1)
  7 endoplasms
  2 goblins (D:1)
  7 hobgoblins
  4 kobolds
  2 ball pythons
  2 bats
  A frilled lizard (D:2)
  4 rats
35 creatures vanquished.

Notes
Turn   | Place    | Note
-------+----------+-------------------------------------------
     0 | D:1      | rddays123 the Hill Orc Fighter began the quest for the Orb.
     0 | D:1      | Reached XP level 1. HP: 19/19 MP: 1/1
   189 | D:1      | Reached XP level 2. HP: 27/27 MP: 2/2
   366 | D:1      | Reached XP level 3. HP: 18/33 MP: 3/3
   977 | D:2      | Found a shadowy altar of Dithmenos.
  1089 | D:2      | Reached XP level 4. HP: 40/40 MP: 4/4
  1575 | D:3      | Noticed Terence
  1584 | D:3      | Killed Terence
  1740 | D:3      | HP: 1/41 [poisoned by a gnoll]
  1741 | D:3      | Succumbed to a gnoll's poison

Illustrated notes

Levels and vault maps discovered:
D:1:      amcnicky_arrival_wind_blow, layout_basic, minmay_close_crescents
D:2:      layout_rooms, basic_altar, serial_rivers,
          chequers_serial_rivers_micro_b, chequers_serial_rivers_micro_b,
          chequers_serial_rivers_small_a, chequers_serial_rivers_micro_e,
          chequers_serial_rivers_room_a, chequers_serial_rivers_small_3,
          dreamdust_princess_corridor
D:3:      layout_basic, basic_ecumenical_altar, minmay_misc_feat_iff,
          wad_rectangle_vault, uniq_terence, uniq_jessica

Skill      XL: |  1  2  3  4 |
---------------+-------------+-----
Axes           | 3 |  3.8
Fighting       | 4 |  4.4
Armour         | 4 |  4.0
Shields        | 4 |  4.0

Action                     |  1- 3 |  4- 6 || total
---------------------------+-------+-------++-------
  Melee: War axe           |    86 |    20 ||   106
    Use: Scroll            |       |     1 ||     1
 Armour: Plate armour      |    53 |    16 ||    69
  Dodge: Dodged            |    16 |     7 ||    23
  Block: Buckler           |    17 |       ||    17
         Kite shield       |       |    13 ||    13

Table legend: (Time is in decaauts)
 A = Elapsed time spent in this place.
 B = Non-inter-level travel time spent in this place.
 C = Inter-level travel time spent in this place.
 D = Time resting spent in this place.
 E = Time spent auto-exploring this place.
 F = Levels seen in this place.
 G = Mean time per level.
                   A        B        C        D        E       F      G
               +--------+--------+--------+--------+--------+-----+--------+
         Total |   1787 |   1679 |    108 |     27 |   1330 |   3 |  595.7 |
       Dungeon |   1787 |   1679 |    108 |     27 |   1330 |   3 |  595.7 |
               +--------+--------+--------+--------+--------+-----+--------+

Top non-repeatable levels by time:
     D:1: 886 daAuts
     D:2: 728 daAuts
     D:3: 171 daAuts
